 Dungeon Crawl Stone Soup version 0.20-a0-1057-g9a88637 (webtiles) character file.

21 MatthieuS the Sneak (level 2, -1/13 HPs)
             Began as a Spriggan Enchanter on Apr 26, 2017.
             Slain by a jackal (2 damage)
             ... on level 1 of the Dungeon.
             The game lasted 00:02:03 (818 turns).

MatthieuS the Sneak (Spriggan Enchanter)             Turns: 818, Time: 00:02:03

Health: -1/13      AC:  2    Str:  4    XL:     2   Next: 65%
Magic:  5/6        EV: 18    Int: 16    God:
Gold:   53         SH:  0    Dex: 16    Spells: 3/6 levels left

rFire    . . .     SeeInvis +   a - +1 dagger
rCold    . . .     Gourm    .   (shield restricted)
rNeg     . . .     Faith    .   b - +0 robe
rPois    .         Spirit   .   (helmet restricted)
rElec    .         Reflect  .   (no cloak)
rCorr    .         Harm     .   (gloves unavailable)
MR       .....                  (boots unavailable)
Stlth    +++.......             (no amulet)
Regen    0.1/turn               (no ring)
MPRegen  0.1/turn               (no ring)

@: very quick
A: unfitting armour, see invisible, herbivore 3, speed 3, slow metabolism 2
a: no special abilities


You were on level 1 of the Dungeon.
You were not hungry.

You visited 1 branch of the dungeon, and saw 1 of its levels.

You collected 53 gold pieces.

Inventory:

Hand Weapons
 a - a +1 dagger (weapon)
 g - a +2 dagger of speed
Armour
 b - a +0 robe (worn)
Scrolls
 e - 4 scrolls of identify {unknown}
 f - a scroll of teleportation {unknown}
 h - 2 scrolls of remove curse {unknown}
 i - 2 scrolls of recharging {unknown}
 j - a scroll of magic mapping {unknown}
Potions
 k - a potion of mutation {unknown}
Books
 c - a book of Maledictions

   Spells                             Type                      Level
   a - Corona                         Hexes                        1
   b - Ensorcelled Hibernation        Hexes/Ice                    2
   c - Confuse                        Hexes                        3
   d - Tukima's Dance                 Hexes                        3
   e - Dazzling Spray                 Conjuration/Hexes            3
Comestibles
 d - 2 bread rations


   Skills:
 + Level 1.3 Short Blades
 + Level 3.2 Dodging
 + Level 5.1 Stealth
 + Level 2.9 Spellcasting
 + Level 4.0 Hexes


You had 3 spell levels left.
You knew the following spells:

 Your Spells              Type           Power        Failure   Level  Hunger
a - Corona                Hex            ###....      3%          1    #......
b - Ensorcelled Hibernat  Hex/Ice        #.....       12%         2    ##.....


Dungeon Overview and Level Annotations

Branches:
Dungeon (1/15)

Altars:


Innate Abilities, Weirdness & Mutations

You are very small and have problems with some larger weapons.
You are too small for most types of armour.
You have supernaturally acute eyesight. (SInv)
You are a herbivore.
You cover ground extremely quickly.
You need consume almost no food.


Message History

Aiming: Corona
Press: ? - help, Shift-Dir - straight line, f - jackal
Aim: a jackal (chance to defeat MR: 69%)
The jackal is outlined in light.
The jackal barely misses you. The jackal misses you.
You barely miss the jackal. The jackal closely misses you.
You closely miss the jackal. The jackal misses you.
You hit the jackal but do no damage. The jackal closely misses you.
You barely miss the jackal. The jackal bites you. x2
* * * LOW HITPOINT WARNING * * *
You hit the jackal but do no damage. The jackal completely misses you.
You hit the jackal.
The jackal is moderately wounded.
The jackal closely misses you.
You barely miss the jackal.
The jackal is moderately wounded.
The jackal bites you.
* * * LOW HITPOINT WARNING * * *
The jackal bites you.
You die...

.......# ######.# #.#
.. #.# .. #.# .# #.#
.# #####.# .#
##.....# #########.#
##.##### #.hhh@....#
....# #.(#####..#
##..# # #..# ##..# #
#..# #.)# #. #..#
#..# #..#####..# #..#
#.........# #..#
#.###.###.#
#..########.###.###.#


You could see 3 jackals.

Vanquished Creatures
  A dart slug (D:1)
  A giant cockroach (D:1)
  3 goblins (D:1)
  4 jackals (D:1)
  A kobold (D:1)
  4 bats (D:1)
  A frilled lizard (D:1)
  2 rats (D:1)
17 creatures vanquished.

Notes
Turn   | Place    | Note
-------+----------+-------------------------------------------
     0 | D:1      | MatthieuS the Spriggan Enchanter began the quest for the Orb.
     0 | D:1      | Reached XP level 1. HP: 9/9 MP: 5/5
   229 | D:1      | Reached XP level 2. HP: 12/13 MP: 6/6
   271 | D:1      | Reached skill level 5 in Stealth
   450 | D:1      | Learned a level 2 spell: Ensorcelled Hibernation
   818 | D:1      | Slain by a jackal

Vault maps used:
D:1:      dpeg_arrival_short_road

Skill      XL: |  1  2 |
---------------+-------+-----
Stealth        | 5 |  5.1
Hexes          | 4 |  4.0
Short Blades   | |  1.3
Dodging        | |  3.2
Spellcasting   | |  2.9

Action                   || total
-------------------------++-------
Melee: Dagger            ||    90
 Cast: Corona            ||     2
 Stab: Sleeping          ||     6
Armor: Robe              ||    19
Dodge: Dodged            ||    83
